TOP OF THE 1ST |
State College Spikes batting - Pitching for Milwaukee (NYP) Brewers : RHP Jayden Whittick
|
Pitching: RHP Jayden Whittick
|
|
Batting: RHB Ben Politi
|
0-0: Ball 1-0: Called Strike 1-1: Foul Ball, location: 2F 1-2: Ball 2-2: Strikes out swinging, 2-3 out at first.
|
Batting: RHB Shou-feng Chang
|
0-0: Ball 1-0: Ball 2-0: Called Strike 2-1: Foul Ball, location: 2F 2-2: Ball 3-2: SINGLE (Line Drive, 4M, EV 98.8 MPH)
|
Batting: LHB Ken Morehead
|
0-0: Foul Ball, location: 2F 0-1: Foul Ball, location: 2F 0-2: Ball 1-2: Fielders Choice at 2nd, 5-4 (Groundball, 5, EV 81.2 MPH)
|
Batting: LHB Ken Compton
|
0-0: Ball 1-0: Swinging Strike 1-1: Foul Ball, location: 2F 1-2: Ground out 4-3 (Groundball, 34S, EV 81.2 MPH)
|
Top of the 1st over - 0 runs, 1 hit, 0 errors, 1 left on base; State College 0 - Milwaukee (NYP) 0 |
BOTTOM OF THE 1ST |
Milwaukee (NYP) Brewers batting - Pitching for State College Spikes : LHP Harry Osborne
|
Pitching: LHP Harry Osborne
|
|
Batting: RHB Jose Cerritos
|
0-0: Ball 1-0: Called Strike 1-1: Called Strike 1-2: Ball 2-2: Foul Ball, location: 2F 2-2: Strikes out swinging
|
Batting: RHB Manny Olave
|
0-0: Ball 1-0: Foul Ball, location: 2F 1-1: Ground out 4-3 (Groundball, 4, EV 92.5 MPH)
|
Batting: RHB Curtis Montgomery
|
0-0: Swinging Strike 0-1: Ball 1-1: Swinging Strike 1-2: Ball 2-2: Ball 3-2: Strikes out swinging
|
Bottom of the 1st over - 0 runs, 0 hits, 0 errors, 0 left on base; State College 0 - Milwaukee (NYP) 0 |
TOP OF THE 2ND |
State College Spikes batting - Pitching for Milwaukee (NYP) Brewers : RHP Jayden Whittick
|
Batting: RHB Nelson Salamanca
|
0-0: Called Strike 0-1: Ball 1-1: SINGLE (Groundball, 56D, EV 110.0 MPH)
|
Batting: RHB Jonathan Winkler
|
0-0: Called Strike 0-1: Foul Ball, location: 2F 0-2: Ball 1-2: Fly out, F7 (Flyball, 78XD, EV 110.0 MPH)
|
Batting: RHB Mario Carbajal
|
0-0: Ball 1-0: Reached on error, E6 (Groundball, 6D, EV 97.5 MPH) Nelson Salamanca to second
|
Batting: RHB Edgar Klockow
|
0-0: Ball 1-0: Ball Nelson Salamanca steals 3rd base 2-0: Foul Ball, location: 2F 2-1: Ball 3-1: Fly out, F8 (Flyball, 8LXD, EV 95.0 MPH) Runner from 3rd tags up, SCORES, no throw by CF
|
Batting: RHB John James
|
0-0: Called Strike 0-1: Ball 1-1: Ball 2-1: Ball Mario Carbajal steals 2nd base 3-1: Fly out, F7 (Flyball, 78S, EV 87.5 MPH)
|
Top of the 2nd over - 1 run, 1 hit, 1 error, 1 left on base; State College 1 - Milwaukee (NYP) 0 |
BOTTOM OF THE 2ND |
Milwaukee (NYP) Brewers batting - Pitching for State College Spikes : LHP Harry Osborne
|
Batting: RHB Tony Beaumond
|
0-0: Ball 1-0: Called Strike 1-1: Ball 2-1: Swinging Strike 2-2: Strikes out looking
|
Batting: LHB Karel Hort
|
0-0: Called Strike 0-1: Called Strike 0-2: Ball 1-2: Fly out, F8 (Flyball, 8LM, EV 85.6 MPH)
|
Batting: RHB Wiliama Dana
|
0-0: Ball 1-0: Ball 2-0: Called Strike 2-1: Foul Ball, location: 2F 2-2: Ball 3-2: Fly out, F9 (Flyball, 9D, EV 99.4 MPH)
|
Bottom of the 2nd over - 0 runs, 0 hits, 0 errors, 0 left on base; State College 1 - Milwaukee (NYP) 0 |
TOP OF THE 3RD |
State College Spikes batting - Pitching for Milwaukee (NYP) Brewers : RHP Jayden Whittick
|
Batting: RHB Ben Politi
|
0-0: Called Strike 0-1: Foul Ball, location: 2F 0-2: Strikes out swinging
|
Batting: RHB Shou-feng Chang
|
0-0: Ground out 1-3 (Groundball, 34S, EV 76.9 MPH)
|
Batting: LHB Ken Morehead
|
0-0: Ball 1-0: Ball 2-0: Swinging Strike 2-1: Ball 3-1: Base on Balls
|
Batting: LHB Ken Compton
|
0-0: Ball 1-0: Foul Ball, location: 2F 1-1: Ball 2-1: Fly out, F8 (Flyball, 78M, EV 91.2 MPH)
|
Top of the 3rd over - 0 runs, 0 hits, 0 errors, 1 left on base; State College 1 - Milwaukee (NYP) 0 |
BOTTOM OF THE 3RD |
Milwaukee (NYP) Brewers batting - Pitching for State College Spikes : LHP Harry Osborne
|
Batting: SHB Robert Sayer
|
0-0: Called Strike 0-1: Called Strike 0-2: Ball 1-2: Ball 2-2: Ground out 5-3 (Groundball, 56, EV 98.8 MPH)
|
Batting: RHB Juan Villanueva
|
0-0: Called Strike 0-1: Ball 1-1: Foul Ball, location: 2F 1-2: Strikes out swinging
|
Batting: LHB Dusty Bryant
|
0-0: SINGLE (Line Drive, 89M, EV 91.2 MPH)
|
Batting: RHB Jose Cerritos
|
0-0: Foul Ball, location: 2F 0-1: Foul Ball, location: 2F 0-2: TRIPLE (Line Drive, 78XD, EV 105.6 MPH) Dusty Bryant scores
|
Batting: RHB Manny Olave
|
0-0: Ground out 6-3 (Groundball, 6, EV 91.2 MPH)
|
Bottom of the 3rd over - 1 run, 2 hits, 0 errors, 1 left on base; State College 1 - Milwaukee (NYP) 1 |
TOP OF THE 4TH |
State College Spikes batting - Pitching for Milwaukee (NYP) Brewers : RHP Jayden Whittick
|
Batting: RHB Nelson Salamanca
|
0-0: Ball 1-0: Fly out, F7 (Flyball, 7D, EV 96.2 MPH)
|
Batting: RHB Jonathan Winkler
|
0-0: DOUBLE (Groundball, 5L, EV 101.9 MPH)
|
Batting: RHB Mario Carbajal
|
0-0: Ball 1-0: Foul Ball, location: 2F 1-1: Swinging Strike 1-2: Ball 2-2: Ball 3-2: Foul Ball, location: 2F 3-2: Base on Balls
|
Batting: RHB Edgar Klockow
|
0-0: Called Strike 0-1: Foul Ball, location: 2F 0-2: Ground out 5-3 (Groundball, 56S, EV 61.9 MPH) Jonathan Winkler to third Mario Carbajal to second
|
Batting: RHB John James
|
0-0: SINGLE (Groundball, 6MD, EV 106.2 MPH) Jonathan Winkler scores Mario Carbajal to third Runner from 3rd tries for Home, SAFE, throw by CF to home
|
Batting: RHB Ben Politi
|
0-0: Called Strike 0-1: Ground out 4-3 (Groundball, 4, EV 85.6 MPH)
|
Top of the 4th over - 2 runs, 2 hits, 0 errors, 1 left on base; State College 3 - Milwaukee (NYP) 1 |
BOTTOM OF THE 4TH |
Milwaukee (NYP) Brewers batting - Pitching for State College Spikes : LHP Harry Osborne
|
Batting: RHB Curtis Montgomery
|
0-0: Ball 1-0: Foul Ball, location: 2F 1-1: Ball 2-1: Ball 3-1: Base on Balls
|
Batting: RHB Tony Beaumond
|
0-0: Called Strike 0-1: Foul Ball, location: 2F 0-2: Strikes out looking
|
Batting: LHB Karel Hort
|
0-0: Ball 1-0: Grounds into double play, 4-6-3 (Groundball, 4, EV 91.9 MPH)
|
Bottom of the 4th over - 0 runs, 0 hits, 0 errors, 0 left on base; State College 3 - Milwaukee (NYP) 1 |
TOP OF THE 5TH |
State College Spikes batting - Pitching for Milwaukee (NYP) Brewers : RHP Jayden Whittick
|
Batting: RHB Shou-feng Chang
|
0-0: Ball 1-0: SINGLE (Groundball, 3D, EV 102.5 MPH)
|
Batting: LHB Ken Morehead
|
0-0: Ball 1-0: Ball 2-0: Swinging Strike 2-1: Ball 3-1: Base on Balls Shou-feng Chang to second
|
Batting: LHB Ken Compton
|
0-0: Ball 1-0: SINGLE (Groundball, 6MD, EV 106.2 MPH) Shou-feng Chang to third Ken Morehead to second
|
Pitching: LHP Jon Ortiz
|
|
Batting: RHB Nelson Salamanca
|
0-0: DOUBLE (Groundball, 5D, EV 97.5 MPH) Shou-feng Chang scores Ken Morehead scores Ken Compton to third
|
Batting: RHB Jonathan Winkler
|
0-0: Ball 1-0: Foul Ball, location: 2F 1-1: Fly out, F7 (Flyball, 7LM, EV 90.6 MPH) Runner from 3rd tags up, OUT at HOME! 7-2 Nelson Salamanca to third
|
Batting: RHB Mario Carbajal
|
0-0: Ball 1-0: Ball 2-0: Foul Ball, location: 2F 2-1: Fly out, F7 (Flyball, 78D, EV 110.6 MPH)
|
Top of the 5th over - 2 runs, 3 hits, 0 errors, 1 left on base; State College 5 - Milwaukee (NYP) 1 |
BOTTOM OF THE 5TH |
Milwaukee (NYP) Brewers batting - Pitching for State College Spikes : LHP Harry Osborne
|
Batting: RHB Wiliama Dana
|
0-0: Ball 1-0: Called Strike 1-1: Swinging Strike 1-2: Ball 2-2: Strikes out swinging
|
Batting: SHB Robert Sayer
|
0-0: Called Strike 0-1: Foul Ball, location: 2F 0-2: Strikes out swinging
|
Batting: RHB Juan Villanueva
|
0-0: Called Strike 0-1: Ball 1-1: Ball 2-1: Swinging Strike 2-2: Strikes out looking
|
Bottom of the 5th over - 0 runs, 0 hits, 0 errors, 0 left on base; State College 5 - Milwaukee (NYP) 1 |
TOP OF THE 6TH |
State College Spikes batting - Pitching for Milwaukee (NYP) Brewers : LHP Jon Ortiz
|
Batting: RHB Edgar Klockow
|
0-0: Swinging Strike 0-1: Ball 1-1: Called Strike 1-2: Ball 2-2: Fly out, F9 (Flyball, 9, EV 77.5 MPH)
|
Batting: RHB John James
|
0-0: Ball 1-0: Ball 2-0: Ball 3-0: Called Strike 3-1: Base on Balls
|
Batting: RHB Ben Politi
|
0-0: Ball 1-0: Ball 2-0: Ball 3-0: Called Strike 3-1: Fielders Choice at 2nd, 4-6 (Groundball, 4, EV 101.9 MPH)
|
Batting: RHB Shou-feng Chang
|
0-0: Ball 1-0: Ball Ben Politi steals 2nd base 2-0: SINGLE (Line Drive, 34D, EV 107.5 MPH) Ben Politi to third Runner from 3rd tries for Home, throw by RF and OUT! 9-2
|
Top of the 6th over - 0 runs, 1 hit, 0 errors, 1 left on base; State College 5 - Milwaukee (NYP) 1 |
BOTTOM OF THE 6TH |
Milwaukee (NYP) Brewers batting - Pitching for State College Spikes : LHP Harry Osborne
|
Batting: LHB Dusty Bryant
|
0-0: Ball 1-0: Ball 2-0: Foul Ball, location: 2F 2-1: DOUBLE (Line Drive, 3D, EV 95.6 MPH)
|
Batting: RHB Jose Cerritos
|
0-0: Ball 1-0: Foul Ball, location: 2F 1-1: Ball 2-1: Fly out, F9 (Flyball, 89S, EV 88.8 MPH)
|
Batting: RHB Manny Olave
|
0-0: Foul Ball, location: 2F 0-1: Ball Passed Ball! Dusty Bryant to third 1-1: Ball 2-1: Ground out 4-3 (Groundball, 34, EV 85.6 MPH) Dusty Bryant scores
|
Batting: RHB Curtis Montgomery
|
0-0: Called Strike 0-1: Ball 1-1: Ball 2-1: Foul Ball, location: 2F 2-2: Ball 3-2: Foul Ball, location: 2F 3-2: Fly out, F7 (Flyball, 7, EV 85.0 MPH)
|
Bottom of the 6th over - 1 run, 1 hit, 0 errors, 0 left on base; State College 5 - Milwaukee (NYP) 2 |
TOP OF THE 7TH |
State College Spikes batting - Pitching for Milwaukee (NYP) Brewers : LHP Jon Ortiz
|
Batting: LHB Ken Morehead
|
0-0: Called Strike 0-1: Foul Ball, location: 2F 0-2: Fly out, F8 (Line Drive, 78M, EV 88.8 MPH)
|
Batting: LHB Ken Compton
|
0-0: Ball 1-0: Called Strike 1-1: Ground out 1-3 (Groundball, 15S, EV 73.1 MPH)
|
Batting: RHB Nelson Salamanca
|
0-0: SINGLE (Groundball, 56D, EV 106.9 MPH)
|
Pitching: RHP Butch Powers
|
|
Batting: RHB Jonathan Winkler
|
0-0: Ball 1-0: Fielders Choice at 2nd, 6-4 (Groundball, 6, EV 84.4 MPH)
|
Top of the 7th over - 0 runs, 1 hit, 0 errors, 1 left on base; State College 5 - Milwaukee (NYP) 2 |
BOTTOM OF THE 7TH |
Milwaukee (NYP) Brewers batting - Pitching for State College Spikes : LHP Harry Osborne
|
Batting: RHB Tony Beaumond
|
0-0: Ball 1-0: Foul Ball, location: 2F 1-1: Swinging Strike 1-2: Ball 2-2: Foul Ball, location: 2F 2-2: Ball 3-2: SINGLE (Groundball, 4D, EV 111.2 MPH)
|
Batting: LHB Karel Hort
|
0-0: Called Strike 0-1: SINGLE (Line Drive, 78S, EV 113.8 MPH) Tony Beaumond to second
|
Batting: RHB Wiliama Dana
|
0-0: SINGLE (Groundball, 5S, EV 68.8 MPH) (infield hit) Tony Beaumond to third Karel Hort to second
|
Batting: SHB Robert Sayer
|
0-0: Called Strike 0-1: Ball 1-1: Called Strike 1-2: Strikes out looking
|
Batting: RHB Juan Villanueva
|
0-0: Called Strike 0-1: Ball 1-1: Foul Ball, location: 2F 1-2: Strikes out looking
|
Pinch Hitting: SHB Sam Bingham
|
0-0: Ball 1-0: Swinging Strike 1-1: Foul Ball, location: 2F 1-2: Foul Ball, location: 2F 1-2: Strikes out looking
|
Bottom of the 7th over - 0 runs, 3 hits, 0 errors, 3 left on base; State College 5 - Milwaukee (NYP) 2 |
TOP OF THE 8TH |
State College Spikes batting - Pitching for Milwaukee (NYP) Brewers : RHP Butch Powers
|
Now in RF: Steven Donovan
|
|
Batting: RHB Mario Carbajal
|
0-0: Called Strike 0-1: Ball 1-1: Foul Ball, location: 2F 1-2: Strikes out swinging
|
Batting: RHB Edgar Klockow
|
0-0: Called Strike 0-1: Swinging Strike 0-2: Strikes out looking
|
Batting: RHB John James
|
0-0: Swinging Strike 0-1: Called Strike 0-2: Ground out 5-3 (Groundball, 56S, EV 83.1 MPH)
|
Top of the 8th over - 0 runs, 0 hits, 0 errors, 0 left on base; State College 5 - Milwaukee (NYP) 2 |
BOTTOM OF THE 8TH |
Milwaukee (NYP) Brewers batting - Pitching for State College Spikes : LHP Harry Osborne
|
Pitching: RHP Jace Daniels
|
|
Batting: RHB Jose Cerritos
|
0-0: Ground out 6-3 (Groundball, 56, EV 85.6 MPH)
|
Batting: RHB Manny Olave
|
0-0: Ball 1-0: Swinging Strike 1-1: Swinging Strike 1-2: Foul Ball, location: 2F 1-2: Strikes out swinging
|
Batting: RHB Curtis Montgomery
|
0-0: Foul Ball, location: 2F 0-1: Called Strike 0-2: Foul Ball, location: 2F 0-2: Ball 1-2: Ball 2-2: Strikes out swinging
|
Bottom of the 8th over - 0 runs, 0 hits, 0 errors, 0 left on base; State College 5 - Milwaukee (NYP) 2 |
TOP OF THE 9TH |
State College Spikes batting - Pitching for Milwaukee (NYP) Brewers : RHP Butch Powers
|
Batting: RHB Ben Politi
|
0-0: Ball 1-0: Called Strike 1-1: Ball 2-1: Foul Ball, location: 2F 2-2: Ball 3-2: SINGLE (Line Drive, 89M, EV 90.6 MPH)
|
Batting: RHB Shou-feng Chang
|
0-0: Ball 1-0: Called Strike 1-1: Called Strike 1-2: Strikes out swinging
|
Batting: LHB Ken Morehead
|
0-0: Ball 1-0: Foul Ball, location: 2F 1-1: Ball 2-1: Foul Ball, location: 2F 2-2: Foul Ball, location: 2F 2-2: Ball 3-2: SINGLE (Groundball, 4MD, EV 100.6 MPH) Ben Politi to second Ben Politi to third
|
Batting: LHB Ken Compton
|
0-0: Called Strike 0-1: Ball 1-1: Swinging Strike 1-2: Fielders Choice at 2nd, 4-6 (Groundball, 4, EV 83.1 MPH) Ben Politi scores
|
Pitching: RHP Ryan Powers
|
|
Batting: RHB Nelson Salamanca
|
0-0: Fly out, F9 (Flyball, 9D, EV 94.4 MPH)
|
Top of the 9th over - 1 run, 2 hits, 0 errors, 1 left on base; State College 6 - Milwaukee (NYP) 2 |
BOTTOM OF THE 9TH |
Milwaukee (NYP) Brewers batting - Pitching for State College Spikes : RHP Jace Daniels
|
Batting: RHB Tony Beaumond
|
0-0: DOUBLE (Line Drive, 78XD, EV 91.2 MPH)
|
Batting: LHB Karel Hort
|
0-0: Called Strike 0-1: Ball Wild Pitch! Tony Beaumond to third 1-1: Ball 2-1: Foul Ball, location: 2F 2-2: Ball 3-2: Foul Ball, location: 2F 3-2: Foul Ball, location: 2F 3-2: Foul Ball, location: 2F 3-2: Foul Ball, location: 2F 3-2: Base on Balls
|
Batting: RHB Wiliama Dana
|
0-0: Called Strike 0-1: Fielders Choice at 2nd, 5-4 (Groundball, 56S, EV 86.2 MPH) Tony Beaumond scores
|
Batting: SHB Robert Sayer
|
0-0: Called Strike 0-1: Ball 1-1: Ball 2-1: Foul Ball, location: 2F 2-2: Hit by Pitch Wiliama Dana to second
|
Pinch Hitting: LHB Greg Reedy
|
0-0: Fielders Choice at 2nd, 1-6 (Groundball, 13, EV 67.5 MPH) Wiliama Dana to third
|
Batting: LHB Steven Donovan
|
0-0: Called Strike 0-1: Foul Ball, location: 2F 0-2: Ball 1-2: Strikes out looking
|
Bottom of the 9th over - 1 run, 1 hit, 0 errors, 2 left on base; State College 6 - Milwaukee (NYP) 3 |
|